 Dungeon Crawl Stone Soup version 0.17-b1-25-g6d8775f (webtiles) character file.

107 M4edhros the Sneak (level 4, -2/28 HPs)
             Began as an Octopode Artificer on Nov 5, 2015.
             Killed from afar by an orc wizard (9 damage)
             ... with a puff of flame
             ... on level 4 of the Dungeon on Nov 6, 2015.
             The game lasted 00:02:23 (1380 turns).

M4edhros the Sneak (Octopode Artificer)             Turns: 1380, Time: 00:02:23

Health: -2/28      AC:  6    Str: 10    XL:     4   Next: 86%
Magic:  7/7        EV: 12    Int: 14    God:
Gold:   36         SH:  0    Dex: 13    Spells: 0 memorised, 3 levels left

rFire  . . .     SeeInvis .     q - +1 flail (protect)
rCold  . . .     Clarity  .     (no shield)
rNeg   + + .     SustAt   .     (helmet restricted)
rPois  .         Gourm    .     n - amulet of warding
rElec  .         Spirit   .     l - ring of invisibility
rCorr  .         Warding  +     p - ring of positive energy
rMut   .         Stasis   .     (no ring)
MR     .....                    (no ring)
Stlth  ++++......               (no ring)
                                (no ring)
                                (no ring)
                                (no ring)

@: very slightly contaminated, hasted, very quick, not resistant to hostile
enchantments, stealthy
A: almost no armour, amphibious, 8 rings, constrict 8, camouflage 1, gelatinous
body 1
a: Evoke Invisibility


You were on level 4 of the Dungeon.
You were not hungry.

You visited 1 branch of the dungeon, and saw 4 of its levels.

You collected 36 gold pieces.

Inventory:

Hand Weapons
 q - a +1 flail of protection (weapon)
Missiles
 m - 13 sling bullets
Jewellery
 l - a ring of invisibility (left tentacle)
 n - an amulet of warding (around mantle)
 p - a ring of positive energy (right tentacle)
Wands
 b - a wand of flame (10)
 c - a wand of enslavement (13)
 d - a wand of random effects (15)
Scrolls
 j - 2 scrolls of identify {unknown}
 k - a scroll of amnesia {unknown}
Potions
 f - a potion of invisibility
 h - a potion of cancellation {unknown}
 i - a potion of lignification {unknown}
 o - a potion of degeneration {unknown}
 r - a potion of heal wounds {unknown}
Comestibles
 a - 2 chunks of flesh
 e - 3 bread rations


   Skills:
 - Level 1.0 Fighting
   Level 1.0 Short Blades
 - Level 2.0 Dodging
 * Level 5.3 Stealth
 + Level 4.2 Evocations


You had 3 spell levels left.
You didn't know any spells.

Dungeon Overview and Level Annotations

Branches:
Dungeon (4/15)
 Temple: D:4-7

Altars:
Ashenzari


Innate Abilities, Weirdness & Mutations

You cannot wear most types of armour.
You are amphibious.
You can wear up to eight rings at the same time.
You can use your tentacles to constrict eight enemies at once.
Your skin changes colour to match your surroundings (Stealth).
Your rubbery body absorbs attacks (AC +1).


Message History

You barely miss the orc wizard. You grab the orc wizard.
The orc wizard is moderately wounded.
You constrict the orc wizard, but do no damage.
You constrict the orc. The orc hits you but does no damage.
The orc wizard barely misses you.
You thump the orc!
You kill the orc!
You constrict the orc wizard.
You constrict the orc, but do no damage.
The orc hits you with a club.
* * * LOW HITPOINT WARNING * * *
The orc wizard closely misses you.
You hit the orc wizard.
The orc wizard is severely wounded.
You constrict the orc wizard, but do no damage.
You constrict the orc, but do no damage.
The orc hits you but does no damage.
The orc wizard points at you and mumbles some strange words.
The puff of flame hits you!
You die...

....... #....#.... .......
#....#....
.o.....###########....#....
...................####....
.................#.........
...............)รท#.........
..............).)).........
o.####..ooo.#####.#####..##
#...o@.# #... ##### #......#
#..... #. #......# #.....#
#. #......# #.....# #.
#......# #.....# #. #......#
#.....# ## ########


You could see an orc wizard and 3 orcs.

Vanquished Creatures
  2 orc wizards (D:4)
  An adder (D:3)
  An ooze (D:1)
  A worm (D:4)
  2 giant geckos
  8 orcs
  A bat (D:1)
  4 giant cockroaches (D:3)
  2 goblins (D:1)
  4 hobgoblins
  A jackal (D:3)
  A quokka (D:3)
  A ball python (D:3)
  2 kobolds (D:3)
  3 rats
34 creatures vanquished.

Vanquished Creatures (collateral kills)
  2 jackals (D:3)
2 creatures vanquished.

Vanquished Creatures (others)
  A jackal (D:3)
1 creature vanquished.

Grand Total: 37 creatures vanquished

Notes
Turn   | Place    | Note
--------------------------------------------------------------
     0 | D:1      | M4edhros the Octopode Artificer began the quest for the Orb.
     0 | D:1      | Reached XP level 1. HP: 13/13 MP: 3/3
   160 | D:1      | Reached XP level 2. HP: 11/18 MP: 4/4
   265 | D:2      | Found a shattered altar of Ashenzari.
   605 | D:3      | Reached XP level 3. HP: 19/23 MP: 5/5
   830 | D:3      | Reached skill level 4 in Evocations
  1317 | D:4      | Reached XP level 4. HP: 28/28 MP: 7/7
  1336 | D:4      | Reached skill level 5 in Stealth
  1380 | D:4      | Killed from afar by an orc wizard

Action                   |  1- 3 |  4- 6 || total
-------------------------+-------+-------++-------
Melee: Short sword       |    31 |       ||    31
       Hand axe          |     7 |       ||     7
       Flail             |    22 |    19 ||    41
Evoke: Wand              |     7 |       ||     7
  Use: Potion            |     1 |     1 ||     2
 Stab: Sleeping          |     7 |       ||     7
       Invisible         |     3 |       ||     3
       Distracted        |     1 |       ||     1
  Eat: Chunk             |       |     2 ||     2
